 Dungeon Crawl Stone Soup version 0.32-a0-612-g1c984fe9d1 (webtiles) character file.

Game seed: 17446436656256509083

9650 ketsa the Geomancer (level 11, -2/60 HPs)
             Began as a Deep Elf Conjurer on Mar 3, 2024.
             Was an Initiate of Hepliaklqana.
             Killed by divine providence
             ... invoked by a meliai
              (15 damage)
             ... on level 10 of the Dungeon on Mar 4, 2024.
             The game lasted 00:55:04 (14073 turns).

ketsa the Geomancer (Deep Elf Conjurer)            Turns: 14073, Time: 00:55:04

Health: -2/60      AC:  8    Str:  4    XL:     11   Next: 25%
Magic:  23/25      EV: 14    Int: 31    God:    Hepliaklqana [......]
Gold:   542        SH:  0    Dex: 13    Spells: 18/27 levels left

rFire   + . .        m - +2 long sword of Instant Death {freeze, rElec rF+}
rCold   . . .        (no shield)
rNeg    + . .        D - +0 steam dragon scales
rPois   +            r - +0 helmet
rElec   +            (no cloak)
rCorr   .            i - +0 pair of gloves
SInv    .            B - +0 pair of boots "Unucif" {+Blink +Inv Int+3}
Will    +....        O - amulet of faith
Stlth   +++          d - ring of positive energy
HPRegen 0.30/turn    K - ring of poison resistance
MPRegen 0.19/turn

%: faith
@: no status effects
A: no striking features
a: Renounce Religion, Evoke Blink, Evoke Invisibility


You were on level 10 of the Dungeon.
You worshipped Hepliaklqana.
Hepliaklqana was noncommittal.
You visited 2 branches of the dungeon, and saw 11 of its levels.
You also visited: Bailey.

You collected 741 gold pieces.
You spent 199 gold pieces at shops.

Inventory:

Hand Weapons
 e - a +1 dagger of freezing
 h - a +5 club
 m - the +2 long sword of Instant Death (weapon) {freeze, rElec rF+}
   (You found it on level 2 of the Dungeon)

   rF+:       It protects you from fire.
   rElec:     It insulates you from electricity.
 y - a +2 dagger of electrocution
 J - a +5 scimitar of flaming
 L - a +5 dagger
Missiles
 l - 2 javelins
 A - 4 silver javelins
 N - 2 throwing nets
 P - a curare-tipped dart
Armour
 a - a +0 robe
 i - a +0 pair of gloves (worn)
 r - a +0 helmet (worn)
 s - the orb of the Gastropod {mayhem, Slay+3}
   (You found it on level 3 of the Dungeon)

   Slay+3:    It affects your accuracy & damage with ranged weapons and melee
   (+3).
 B - the +0 pair of boots "Unucif" (worn) {+Blink +Inv Int+3}
   (You bought it in a shop on level 4 of the Dungeon)

   Int+3:     It affects your intelligence (+3).
   +Inv:      It lets you turn invisible.
   +Blink:    It lets you blink.
 D - +0 steam dragon scales (worn)
Magical Staves
 G - a staff of cold
Jewellery
 d - a ring of positive energy (left hand)
 t - an amulet of the acrobat
 K - a ring of poison resistance (right hand)
 O - an amulet of faith (around neck)
Wands
 H - a wand of iceblast (8)
Scrolls
 c - a scroll of immolation
 f - 3 scrolls of noise
 j - 2 scrolls of enchant weapon
 o - a scroll of vulnerability {unknown}
 p - a scroll of revelation {unknown}
 q - a scroll of acquirement {unknown}
 v - 2 scrolls of summoning
 x - 2 scrolls of blinking {unknown}
 C - 6 scrolls of teleportation {unknown}
 F - 2 scrolls of poison {unknown}
 I - 8 scrolls of enchant armour
 Q - a scroll of amnesia {unknown}
 U - a scroll of brand weapon
Potions
 g - a potion of heal wounds
 k - 4 potions of mutation
 n - a potion of ambrosia {unknown}
 u - a potion of might {unknown}
 w - 2 potions of brilliance
 z - 3 potions of haste {unknown}
 E - 2 potions of curing {unknown}
 M - a potion of attraction {unknown}
 R - 3 potions of invisibility {unknown}
 S - 4 potions of cancellation
 T - a potion of magic


   Skills:
 + Level 3.4 Fighting
 - Level 5.5 Dodging
 - Level 5.0 Stealth
 + Level 8.6 Spellcasting
 - Level 8.0 Conjurations
 * Level 6.7 Translocations
 - Level 5.0 Air Magic
 - Level 9.0 Earth Magic
 - Level 8.0 Alchemy
 - Level 3.1 Evocations


You had 18 spell levels left.
You knew the following spells:

 Your Spells              Type           Power      Damage    Failure   Level
a - Magic Dart            Conj           100%       1d8       1%          1
b - Searing Ray           Conj           100%       2d8       1%          2
c - Stone Arrow           Conj/Erth      100%       3d13      1%          3
d - Mephitic Cloud        Conj/Alch/Air  54%        N/A       1%          3

Your spell library contained the following spells:

 Spells                   Type           Power      Damage    Failure   Level
 Blink                    Tloc           100%       N/A       1%          2
 Fulminant Prism          Conj/Alch      29%        3d13      1%          4
 Iskenderun's Mystic Bla  Conj/Tloc      56%        2d12      1%          4
 Dazzling Flash           Conj/Hex       76%        N/A       2%          3
 Call Imp                 Summ           26%        N/A       6%          2
 Animate Armour           Summ/Erth      82%        N/A       6%          4
 Silence                  Hex/Air        14%        N/A       36%         5
 Curse of Agony           Necr           13%        N/A       71%         5
 Lehudib's Crystal Spear  Conj/Erth      30%        10d8      100%        8


Dungeon Overview and Level Annotations

Branches:
Dungeon (10/15)            Temple (1/1) D:6          Bailey (visited)
   Lair: D:8-11         Orc: D:9-12

Altars:
Ashenzari
Cheibriados
Dithmenos
Elyvilon
Fedhas
Gozag
Hepliaklqana
Kikubaaqudgha
Makhleb
Nemelex Xobeh
Okawaru
Qazlal
Ru
Sif Muna
Trog
Uskayaw
Vehumet
Wu Jian
Xom
Yredelemnul
Zin
The Shining One

Shops:
D:4 [

Annotations:
D:5 2 transporters, Xoff's ghost, novice GnCj
D:6 2 transporters
D:7 exclusion: steam dragon
D:8 exclusion: 2 downstairs


Message History

You swap places.
The meliai barely misses your orc.
The meliai closely misses your acid dragon.
The meliai barely misses your orc.
The kobold brigand hits your acid dragon with a +0 dagger.
The meliai hits your orc with a +0 hand axe!
Your orc dies!
Your orc's corpse dissolves into shadows!
The meliai hits your acid dragon with a +0 hand axe!
Your acid dragon spits acid at the kobold brigand.
The splash of acid hits the kobold brigand!!
The acid corrodes the kobold brigand!
You swap places.
Your centaur closely misses the meliai. x2
The meliai hits your orc warrior with a +0 hand axe!
The meliai hits your centaur with a +0 hand axe!
The meliai stings your orc warrior but does no damage.
Your orc warrior barely misses the meliai.
Your centaur closely misses the meliai.
Your centaur kicks the meliai.
You swap places.
The meliai hits your orc warrior with a +0 hand axe.
The meliai hits your centaur with a +0 hand axe.
The meliai stings your orc warrior.
Your centaur closely misses the meliai.
Your centaur misses the meliai.
The kobold brigand is engulfed in noxious fumes.
The meliai hits your orc warrior with a +0 hand axe.
Your orc warrior dies!
Your orc warrior's corpse dissolves into shadows!
The meliai hits your centaur with a +0 hand axe.
Your acid dragon bites the kobold brigand.
Your acid dragon claws the kobold brigand.
The kobold brigand dies!
There is a fountain of clear blue water here.
The meliai closely misses your orc priest.
The meliai completely misses your centaur.
The meliai stings your orc priest.
Your centaur completely misses the meliai.
Your centaur kicks the meliai.
The meliai mumbles some strange prayers to its god against you.
Something smites you!
You die...
Hepliaklqana delivers you to your ancestors.

... #.# # # #.# .♣
#...# ♣♣♣♣♣♣.♣♣♣♣
.####.#.# ♣..........
oo......#♣♣♣
♣.......... ###.#..
♣..'#####+. ..#)#.♣♣♣
♣..#.y...# ####
#.#.#.@⌠♣♣#♣♣..#hD{D.#
<..#
#.#).♣♣♣.oy.OD§#..z..#
.#.# #.#)#♣
♣♣c#♣♣.☼#h{OW.# ##.#
#.#.# ♣.♣# ♣..#...g.#
.#.########.#.#♣♣♣♣.#
♣..+#####+
.#.##.†..†#.#.#...♣.#
♣...
.#.##†###.#.).#.♣♣..#
♣.... .#....#
#.#...#♣.♣♣♣# ♣♣♣♣♣♣
.########.#.#.#♣♣.♣


You could see a two-headed ogre, a meliai (ally target), a friendly acid dragon
(summoned), a friendly centaur (summoned) and a friendly orc priest (summoned).

Vanquished Creatures
  Erica (D:8)
  A two-headed ogre (D:9)
  An orc knight (Bailey)
  15 yaks
  A wraith (D:9)
  2 steam dragons
  7 vampire mosquitoes
  An acid dragon (D:9)
  14 orc warriors
  An ice beast (D:8)
  2 sky beasts
  An ogre (D:6)
  3 centaurs
  2 kobold brigands
  5 bullfrogs
  A gnoll sergeant (D:8)
  2 scorpions
  12 wights
  8 killer bees
  A bombardier beetle (D:7)
  3 orc priests
  A gnoll bouda (D:9)
  3 hounds
  2 sleepcaps
  3 iguanas (D:5)
  8 orc wizards
  Robin (D:2)
  11 gnolls
  9 adders
  2 shadow imps (D:6)
  A dart slug (D:4)
  33 orcs
  8 ball pythons
  4 bats
  9 endoplasms
  4 giant cockroaches
  21 goblins
  6 hobgoblins
  7 jackals
  2 quokkas
  3 frilled lizards
  19 kobolds
  6 rats
247 creatures vanquished.

Vanquished Creatures (collateral kills)
  A kobold brigand (D:10)
1 creature vanquished.

Grand Total: 248 creatures vanquished

Notes
Turn   | Place    | Note
-------+----------+-------------------------------------------
     0 | D:1      | ketsa the Deep Elf Conjurer began the quest for the Orb.
     0 | D:1      | Reached XP level 1. HP: 10/10 MP: 6/6
   245 | D:1      | Reached XP level 2. HP: 11/15 MP: 0/8
   634 | D:1      | Found a faded altar of an unknown god.
   838 | D:2      | Noticed Robin
   846 | D:2      | Reached skill level 5 in Conjurations
   849 | D:2      | Reached XP level 3. HP: 19/19 MP: 5/10
  1030 | D:2      | Killed Robin
  1281 | D:2      | Reached XP level 4. HP: 24/24 MP: 7/11
  1384 | D:2      | Identified the +2 long sword of Instant Death {freeze,
                  | rElec rF+}
  1894 | D:3      | Learned a level 2 spell: Searing Ray
  2085 | D:3      | Identified the orb of the Gastropod {mayhem, Slay+3}
  2673 | D:3      | Reached XP level 5. HP: 28/28 MP: 9/13
  3272 | D:4      | Reached skill level 1 in Earth Magic
  3528 | D:4      | Reached XP level 6. HP: 32/32 MP: 8/15
  3682 | D:4      | Found Raub's Antique Armour Emporium.
  3690 | D:4      | Bought a pair of heavily runed boots for 199 gold pieces
  3690 | D:4      | Identified the +0 pair of boots "Unucif" {+Blink +Inv
                  | Int+3} (You bought it in a shop on level 4 of the Dungeon)
  3953 | D:5      | Entered Level 5 of the Dungeon
  4053 | D:5      | Found a transporter.
  4053 | D:5      | Identified the +5 giant spiked club "Raisin" {speed, Str+3}
  4054 | D:5      | Noticed Xoff's ghost (novice GnCj)
  4078 | D:5      | Found a transporter.
  4144 | D:5      | Noticed a steam dragon
  4177 | D:5      | Reached skill level 5 in Spellcasting
  4277 | D:5      | Killed a steam dragon
  4278 | D:5      | Reached skill level 5 in Stealth
  4278 | D:5      | Reached skill level 2 in Earth Magic
  4278 | D:5      | Reached skill level 1 in Evocations
  4409 | D:5      | Learned a level 3 spell: Stone Arrow
  4656 | D:5      | Reached XP level 7. HP: 36/36 MP: 13/17
  4748 | D:6      | Reached skill level 3 in Earth Magic
  4973 | D:6      | Found a transporter.
  5059 | D:6      | Found a staircase to the Ecumenical Temple.
  5078 | Temple   | Entered the Ecumenical Temple
  5079 | Temple   | Upgraded the game from 0.32-a0-607-g64ea0e4219 to
                  | 0.32-a0-612-g1c984fe9d1
  5140 | D:6      | You fall into a shaft and drop 1 floor!
  5475 | D:6      | Noticed a kobold demonologist
  5476 | D:6      | Noticed a kobold demonologist
  5488 | D:6      | Found a transporter.
  5991 | D:7      | Noticed a steam dragon
  6051 | D:7      | Noticed a yak
  6055 | D:7      | Noticed a yak
  6113 | D:7      | Reached skill level 4 in Earth Magic
  6130 | D:7      | Reached XP level 8. HP: 41/41 MP: 7/19
  6680 | D:7      | Reached skill level 5 in Earth Magic
  6756 | D:7      | Reached skill level 5 in Dodging
  6761 | D:7      | Reached skill level 5 in Alchemy
  6842 | D:7      | Learned a level 3 spell: Mephitic Cloud
  7396 | D:8      | Reached XP level 9. HP: 45/45 MP: 13/20
  7412 | D:8      | Noticed Erica
  7512 | D:8      | Killed Erica
  7513 | D:8      | Reached skill level 6 in Earth Magic
  8040 | D:8      | Found a glowing golden altar of the Shining One.
  8213 | D:8      | Reached skill level 7 in Earth Magic
  8794 | D:8      | Reached skill level 8 in Earth Magic
  9002 | D:8      | Reached XP level 10. HP: 50/50 MP: 14/21
  9851 | D:9      | Noticed a two-headed ogre
 10155 | D:8      | HP: 2/50 [killer bee (7)]
 10306 | D:8      | Reached skill level 5 in Air Magic
 10306 | D:8      | Reached skill level 9 in Earth Magic
 10336 | D:9      | Reached skill level 1 in Translocations
 10578 | Temple   | Became a worshipper of Hepliaklqana the Forgotten
 11238 | D:9      | Reached skill level 1 in Fighting
 11682 | D:9      | Killed a two-headed ogre
 12027 | D:9      | Reached skill level 5 in Translocations
 12343 | D:10     | Entered Level 10 of the Dungeon
 12386 | D:10     | Reached XP level 11. HP: 40/59 MP: 7/24
 12535 | D:10     | Found a flagged portal.
 12563 | Bailey   | Entered a bailey
 13235 | Bailey   | Noticed an orc knight
 13252 | Bailey   | Killed an orc knight
 14061 | D:10     | Noticed a two-headed ogre
 14073 | D:10     | Killed from afar by a meliai

Illustrated notes

Levels and vault maps discovered:
D:1:      dpeg_arrival_rhombus, layout_rooms,
          shapermc_ecumenical_altar_mp_ritualfount
D:2:      layout_rooms, uniq_robin
D:3:      layout_basic, serial_bayou_crossing
D:4:      layout_basic, serial_shops, shop
D:5:      layout_cave_pools, gammafunk_ghost_smash
D:6:      gammafunk_wand_slinger, layout_basic, minmay_temple_entry_glass
D:7:      layout_loops_cross
D:8:      layout_basic, nicolae_tso_carved_into_rock,
          chequers_serial_rivers_room_a, uniq_erica
D:9:      layout_rooms, nicolae_letterblocks [nicolae_letter_subblock,
          nicolae_letter_subblock, nicolae_letter_subblock,
          nicolae_letter_subblock, nicolae_letter_subblock,
          nicolae_letter_subblock, nicolae_letter_subblock,
          nicolae_letter_subblock, nicolae_letter_subblock,
          nicolae_letter_subblock, nicolae_letter_subblock,
          nicolae_letter_subblock, nicolae_letter_subblock,
          nicolae_letter_subblock, nicolae_letter_subblock,
          nicolae_letter_subblock, nicolae_letter_subblock,
          nicolae_letter_subblock, nicolae_letter_subblock,
          nicolae_letter_subblock, nicolae_letter_subblock,
          nicolae_letter_subblock, nicolae_letter_subblock,
          nicolae_letter_subblock, nicolae_letter_subblock]
D:10:     nzn_winding_woodlands_cross [nzn_winding_woodlands_5x15_default,
          nzn_winding_woodlands_5x15_parted, nzn_winding_woodlands_5x15_jagged,
          nzn_winding_woodlands_5x15_concentric,
          nzn_winding_woodlands_15x15_killbox], layout_basic,
          grunt_lair_entry_orc_guard_hut, enter_bailey_7
Temple:   nicolae_temple_bog_church

Skill      XL: |  1  2  3  4  5  6  7  8  9 10 11 |
---------------+----------------------------------+-----
Stealth        | 3 4 5 |  5.0
Conjurations   | 5 6 7 8 |  8.0
Spellcasting   | 4 5 6 7 8 |  8.6
Earth Magic    | 1 2 4 5 8 9 |  9.0
Evocations     | 1 3 |  3.1
Dodging        | 3 5 |  5.5
Alchemy        | 6 7 8 |  8.0
Air Magic      | 4 5 |  5.0
Translocations | 5 6 |  6.7
Fighting       | 2 3 |  3.4

Action                     |  1- 3 |  4- 6 |  7- 9 | 10-12 || total
---------------------------+-------+-------+-------+-------++-------
  Melee: Long sword        |       |     1 |     1 |    19 ||    21
   Cast: Magic Dart        |    80 |   100 |    61 |    25 ||   266
         Searing Ray       |       |    12 |    21 |    30 ||    63
         Stone Arrow       |       |       |    46 |    97 ||   143
         Mephitic Cloud    |       |       |    13 |    33 ||    46
    Use: Scroll            |       |     1 |     4 |     3 ||     8
         Potion            |       |       |       |     6 ||     6
   Stab: Sleeping          |       |     1 |       |       ||     1
         Confused          |       |       |       |     3 ||     3
         Distracted        |       |       |       |     1 ||     1
 Armour: Robe              |    13 |     8 |     7 |       ||    28
         Steam dragon scal |       |       |    12 |    60 ||    72
  Dodge: Dodged            |    14 |    12 |    48 |    88 ||   162

Table legend: (Time is in decaauts)
 A = Elapsed time spent in this place.
 B = Non-inter-level travel time spent in this place.
 C = Inter-level travel time spent in this place.
 D = Time resting spent in this place.
 E = Time spent auto-exploring this place.
 F = Levels seen in this place.
 G = Mean time per level.
                   A        B        C        D        E       F      G
               +--------+--------+--------+--------+--------+-----+--------+
         Total |  14103 |  13316 |    787 |   5239 |   5566 |  12 | 1175.2 |
       Dungeon |  12939 |  12169 |    770 |   4534 |   5566 |  10 | 1293.9 |
        Temple |     38 |     21 |     17 |      0 |      0 |   1 |   38.0 |
        Bailey |   1125 |   1125 |      0 |    705 |      0 |   1 | 1125.0 |
               +--------+--------+--------+--------+--------+-----+--------+

Top non-repeatable levels by time:
     D:8: 3106 daAuts
     D:7: 1780 daAuts
     D:9: 1751 daAuts
     D:3: 1238 daAuts
  Bailey: 1125 daAuts
     D:4: 985 daAuts
     D:1: 954 daAuts
     D:6: 949 daAuts
     D:2: 851 daAuts
     D:5: 712 daAuts
    D:10: 609 daAuts
  Temple: 38 daAuts
